[Event "Early-Titled-Tuesday-Blitz-March-12-2024"]
[Site "Chess.com"]
[Date "2024.03.12"]
[Round "3"]
[White "cthulhuuu"]
[Black "Airquake"]
[Result "1/2-1/2"]
[WhiteElo "2397"]
[BlackElo "2652"]
[TimeControl "180+1"]
[EndTime "8:28:47 PDT"]
[Termination "Game drawn - insufficient material"]

1. e4 d6 2. d4 e6 3. f4 Ne7 4. Nf3 Nd7 5. Bd3 g6 6. O-O Bg7 7. c3 b6 8. e5 Bb7 9. Nbd2 O-O 10. Ne4 dxe5 11. fxe5 c5 12. Bg5 h6 13. Bf6 cxd4 14.
cxd4 Bxe4 15. Bxe4 Nxf6 16. exf6 Bxf6 17. Bxa8 Qxa8 18. Qd2 Rd8 19. Qxh6 Nf5 20. Qf4 Bxd4+ 21. Nxd4 Rxd4 22. Qf3 Qd8 23. Rad1 e5 24. Rxd4 Qxd4+ 25. Kh1 Qxb2 26. g4 Nd6 27. Qd5 Qe2 28. Rf6 Qe1+ 29.
Kg2 Qe2+ 30. Kh3 Qe3+ 31. Rf3 Qe4 32. Qxe4 Nxe4 33. Re3 Ng5+ 34. Kg2 f6 35. Ra3 Ne6 36. Rxa7 f5 37. gxf5 gxf5 38. Rb7 Nf4+ 39. Kf3 Nd5 40. Rd7 e4+ 41. Kg3 f4+ 42. Kg4 Nf6+ 43. Kxf4 Nxd7 44. Kxe4 Nc5+ 45. Kd5 Na4 46. Kc6 Nc3 47. Kxb6 Nxa2 48. Kc5 Kg7 49. Kd4 Kh6 50. Ke3 Kh5 51. h4 Kxh4 1/2-1/2

[Event "Early-Titled-Tuesday-Blitz-March-12-2024"]
[Site "Chess.com"]
[Date "2024.03.12"]
[Round "3"]
[White "AlexPapasimakopoulos"]
[Black "YegoryoCh"]
[Result "1/2-1/2"]
[WhiteElo "2708"]
[BlackElo "2496"]
[TimeControl "180+1"]
[EndTime "8:28:48 PDT"]
[Termination "Game drawn by repetition"]

1. d4 d5 2. c4 dxc4 3. Nf3 Nf6 4. e3 Bg4 5. Nbd2 a6 6. Nxc4 Nc6 7. Be2 e6 8. O-O Bd6 9. b3 O-O 10. Bb2 Qe7 11. a3 Rfd8 12. h3 Bh5 13. Rc1 Rac8 14. b4 Qf8 15. Re1 Nd5 16. Nfd2 Bxe2 17. Qxe2 Qe7 18. Nb3 e5 19. dxe5 Nxe5 20. Nxd6 Rxd6 21. Nc5 Rb8 22. Qh5 Nd7 23. e4 N5f6 24. Qg5 Nxc5 25.
bxc5 Re6 26. f3 Rd8 27. Red1 h6 28. Qe3 Rd7 29. Rd4 Qd8 30. Rcd1 Ree7 31. Kf2 Rxd4 32.
Bxd4 Rd7 33. Bxf6 gxf6 34. Rxd7 Qxd7 35. Qxh6 Qd4+ 36. Qe3 Qb2+ 37. Kg3 Qe5+ 38. f4 Qb2 39. h4 b5 40. cxb6 cxb6 41. h5 b5 42. Kh3 Kh7 43. g3 a5 44. Qa7 Qb3 45. Qxa5 Qd1 46. Qxb5 Qh1+ 47. Kg4 Qd1+ 48. Kh3 Qh1+ 49. Kg4 Qd1+ 50. Kh4 Qh1+ 51. Kg4 1/2-1/2

[Event "Early-Titled-Tuesday-Blitz-March-12-2024"]
[Site "Chess.com"]
[Date "2024.03.12"]
[Round "3"]
[White "AnishOnYoutube"]
[Black "blitzking1729"]
[Result "1-0"]
[WhiteElo "3058"]
[BlackElo "2808"]
[TimeControl "180+1"]
[EndTime "8:28:51 PDT"]
[Termination "AnishOnYoutube won by resignation"]

1. d4 d5 2. c4 c6 3. Nf3 Nf6 4. g3 Bf5 5. Nc3 e6 6. Nh4 dxc4 7. Nxf5 exf5 8. e3 Bd6 9. Bxc4 O-O 10. Qf3 g6 11. h3 Nbd7 12. g4 fxg4 13. hxg4 b5 14.
Bb3 b4 15. Ne2 Qe7 16. Qxc6 Nxg4 17. Qg2 Ndf6 18. Bc2 Rac8 19. Bd3 Rfe8 20. e4 Nxf2 21. Kxf2 Nxe4+ 22. Bxe4 Qxe4 23. Qxe4 Rxe4 24. Kf3 f5 25.
Rd1 Rc2 26. Rd2 Rc4 27. b3 Rc7 28. Rd3 Rc2 29. Be3 g5 30. Rd2 g4+ 31. Kf2 Rxd2 32. Bxd2 f4 33. Rg1 h5 34. Rh1 f3 35. Ng3 Rxd4 36.
Be3 Rd3 37. Nxh5 Rc3 38. Nf6+ Kf7 39. Nxg4 Rc2+ 40. Kxf3 Rxa2 41. Rh7+ Ke6 42. Rh6+ Kd7 43. Nf6+ Kc8 44. Rh8+ Kb7 45. Rh7+ Kc6 46. Rh6 Kb7 47. Ne4 Be5 48. Nc5+ Kc7 49. Ke4 Bc3 50. Kd5 Bd2 51.
Rh7+ Kd8 52. Bxd2 Rxd2+ 53. Kc6 Rc2 54. Rxa7 1-0

[Event "Early-Titled-Tuesday-Blitz-March-12-2024"]
[Site "Chess.com"]
[Date "2024.03.12"]
[Round "3"]
[White "StankovicIvan"]
[Black "bubeliang"]
[Result "1/2-1/2"]
[WhiteElo "2529"]
[BlackElo "2803"]
[TimeControl "180+1"]
[EndTime "8:28:51 PDT"]
[Termination "Game drawn by repetition"]

1. e4 c6 2. d4 d5 3. e5 c5 4.
dxc5 e6 5. Be3 Nd7 6. Bb5 Qc7 7. Nf3 Bxc5 8. Bxc5 Qxc5 9. Bd3 Qc7 10. Qe2 Ne7 11. O-O Ng6 12. Re1 Qb6 13. c4 Nf4 14. Qd2 Nxd3 15.
Qxd3 Qxb2 16. Nc3 dxc4 17. Qxc4 O-O 18. Rab1 Nb6 19. Qd4 Qc2 20. Ne4 Bd7 21. Rxb6 axb6 22. Qxd7 Rad8 23. Qe7 Rd1 24. Ng3 h6 25. Qh4 Rc8 26. Qe4 Qxe4 27. Nxe4 Rd3 28. Kf1 Rc2 29. a4 Ra2 30. Nd6 Rxa4 31. Nxb7 Rc3 32. Rd1 Rc2 33. Ne1 Rb2 34. Nd3 Rc2 35. Nd6 Raa2 36. Ne4 Rc8 37. f3 Ra3 38. Ndf2 b5 39. g3 Rxf3 40. Rd7 Rb8 41. Kg2 Ra3 42. Nd6 b4 43.
Nxf7 b3 44. Ng4 b2 45. Nfxh6+ Kf8 46. Nf6 gxf6 47. exf6 b1=Q 48. Rf7+ Ke8 49. Re7+ Kd8 50. Nf7+ Kc8 51. Nd6+ Kd8 52. Nf7+ Kc8 53. Nd6+ Kd8 54. Nf7+ 1/2-1/2

[Event "Early-Titled-Tuesday-Blitz-March-12-2024"]
[Site "Chess.com"]
[Date "2024.03.12"]
[Round "3"]
[White "Zohid6"]
[Black "electrosaw"]
[Result "1/2-1/2"]
[WhiteElo "2895"]
[BlackElo "2556"]
[TimeControl "180+1"]
[EndTime "8:28:52 PDT"]
[Termination "Game drawn by repetition"]

1. e4 c5 2. Nf3 b6 3. c4 Bb7 4.
Nc3 g6 5. d4 cxd4 6. Qxd4 Nf6 7. e5 Nc6 8. Qh4 Ng8 9. Bf4 Bg7 10. O-O-O h5 11. Bd3 Nb4 12. e6 Nxd3+ 13. Rxd3 fxe6 14. Qg5 Kf7 15. Nh4 Rh6 16. Qg3 Nf6 17. Re1 Rc8 18. Kb1 Rxc4 19. Bxh6 Rg4 20. Qe3 Rxh4 21. Bxg7 Kxg7 22.
h3 Qe8 23. f4 Qb8 24. Ne2 Be4 25. Rd1 Bxd3+ 26. Rxd3 Nd5 27. Qf2 Nxf4 28. Rxd7 g5 29.
Rxe7+ Kf6 30. Rh7 Kg6 31. Rd7 Qe5 32. Nc3 Qf5+ 33. Ka1 Nd5 34. Qxf5+ Kxf5 35. Nxd5 exd5 36. Rxd5+ Kf4 37. g3+ Kxg3 38. Rxg5+ Kxh3 39. a3 Kh2 40. Ka2 Rh3 41. b4 h4 42. Rg7 Rg3 43. Rxa7 h3 44. Rb7 Rg6 45. Rh7 Kg2 46. Kb3 h2 47. Kc4 h1=Q 48. Rxh1 Kxh1 49. a4 Kg2 50. a5 bxa5 51.
bxa5 Kf3 52. Kb5 Ke4 53. a6 Kd5 54. a7 Rg8 55. Kb6 Kd6 56. Kb7 Rg7+ 57. Kb6 Rg8 58. Kb7 Rg7+ 59. Kb8 Rg8+ 60. Kb7 1/2-1/2

[Event "Early-Titled-Tuesday-Blitz-March-12-2024"]
[Site "Chess.com"]
[Date "2024.03.12"]
[Round "3"]
[White "GothamChess"]
[Black "Semen_Khanin"]
[Result "0-1"]
[WhiteElo "2669"]
[BlackElo "2897"]
[TimeControl "180+1"]
[EndTime "8:28:54 PDT"]
[Termination "Semen_Khanin won by resignation"]

1. c4 e6 2. Nf3 d5 3. e3 Nf6 4. Nc3 b6 5. b3 Bb7 6. Bb2 a6 7.
g3 Nbd7 8. Bg2 g6 9. O-O Bg7 10. d4 O-O 11. Qe2 dxc4 12. bxc4 c5 13. d5 exd5 14. Nh4 Ne4 15. Nxd5 Bxb2 16. Qxb2 Bxd5 17. cxd5 Nd6 18. e4 Qe7 19. f4 Nxe4 20. d6 Qf6 21. Qc2 Rae8 22. Kh1 Nxd6 23. Qa4 Nb8 24. Rad1 Rd8 25. Rb1 Nb5 26. Qb3 Nc6 27. f5 g5 28.
Nf3 Ncd4 29. Qb2 Kg7 30. a4 Nxf3 31. Qxf6+ Kxf6 32. Rxf3 g4 33. Rff1 Nd4 34. Rxb6+ Kg5 35. Rxa6 c4 36. f6 c3 37. Ra5+ Kh6 38. Be4 c2 39.
Rc5 Rc8 40. Rxc8 Rxc8 41. Rc1 Rc5 42. Kg2 Kg5 43. Kf2 Kxf6 44. Ke3 Ke5 45. Bd3 f5 46. Kf2 h5 47. Ke3 Rc3 48. Kd2 Ra3 49. Bxc2 Nxc2 50. Kxc2 Rxa4 51. Re1+ Re4 52. Rf1 f4 53. Kd2 f3 54.
Rf2 Kd4 55. Kd1 Ke3 56. Ra2 Rd4+ 57. Ke1 f2+ 58. Rxf2 Rd1+ 59. Kxd1 Kxf2 0-1

[Event "Early-Titled-Tuesday-Blitz-March-12-2024"]
[Site "Chess.com"]
[Date "2024.03.12"]
[Round "3"]
[White "agvega14"]
[Black "Rainbow2014"]
[Result "0-1"]
[WhiteElo "2205"]
[BlackElo "2451"]
[TimeControl "180+1"]
[EndTime "8:28:54 PDT"]
[Termination "Rainbow2014 won on time"]

1. e4 c5 2. Nf3 d6 3. c3 Nf6 4. h3 Nc6 5. Bd3 g6 6. Bc2 Bg7 7. O-O O-O 8. a4 a6 9. Na3 Rb8 10. Qe2 Bd7 11. Nc4 b5 12. axb5 axb5 13. Ne3 c4 14. d3 cxd3 15. Bxd3 b4 16. Bd2 Bc8 17. Rfd1 Qb6 18. Nc4 Qc7 19. Rdc1 b3 20. Ne3 Bb7 21.
Nd5 Nxd5 22. exd5 Ne5 23. Nxe5 Bxe5 24. Bh6 Rfe8 25. c4 e6 26. Qd2 exd5 27. cxd5 Qd7 28.
Ra7 Qd8 29. Bb5 Re7 30. Raa1 Ra8 31. Rxa8 Qxa8 32. Bc6 Rc7 33. f4 Bh8 34. f5 Bxc6 35. dxc6 Rxc6 36. Rxc6 Qxc6 37. fxg6 hxg6 38. Qb4 Qc5+ 39.
Qxc5 dxc5 40. Bc1 Bd4+ 41. Kf1 c4 42. Ke2 c3 43. bxc3 Bxc3 44. Kd3 b2 45. Bxb2 Bxb2 46. g4 Bf6 47. Ke4 Kg7 48. Kf4 Kh6 49. Kg3 g5 50. Kf3 Be5 51. Ke4 Bc7 52. Kf5 Bd8 53.
Ke5 Kg7 54. Kf5 Kf8 55. Ke5 Be7 56. Kf5 Ke8 57. Ke5 Kd7 58. Kd5 Bf6 59. Ke4 Ke6 0-1

[Event "Early-Titled-Tuesday-Blitz-March-12-2024"]
[Site "Chess.com"]
[Date "2024.03.12"]
[Round "3"]
[White "Yonousomodulo"]
[Black "jumpingknight20"]
[Result "0-1"]
[WhiteElo "2463"]
[BlackElo "2684"]
[TimeControl "180+1"]
[EndTime "8:28:58 PDT"]
[Termination "jumpingknight20 won on time"]

1. c4 e5 2. g3 Nf6 3. Bg2 d5 4.
cxd5 Nxd5 5. Nf3 Nc6 6. O-O Be7 7.
d4 e4 8. Ne5 Ndb4 9. Nxc6 Nxc6 10. Bxe4 Nxd4 11. Qa4+ Qd7 12. Qxd7+ Bxd7 13. Nc3 c6 14.
Rd1 Ne6 15. Be3 Nc5 16. Bf3 Bf5 17. Rd2 O-O 18. Rad1 a5 19. Kg2 Na6 20. h3 Rfd8 21. g4 Be6 22. Bb6 Rxd2 23. Rxd2 Nc5 24. Kg3 Nd7 25. Be3 Ne5 26. Rd1 Nxf3 27. Kxf3 b5 28.
Ne4 Bd5 29. a3 Re8 30. Kf4 Bxe4 31. Kxe4 Bxa3+ 32. Kf3 Bxb2 33. Rd6 a4 34. Rxc6 a3 35. Ra6 b4 36. Bc5 Bc3 37. Ra4 h5 38. Bxb4 hxg4+ 39. hxg4 Bxb4 40. Rxb4 Ra8 41. Rb1 Kf8 42. Ra1 Ke7 43.
Ra2 Kd6 44. Ke3 Kc5 45. Kd3 Kb4 46. Kc2 Rc8+ 47. Kb1 Rd8 48. Kc2 Rd4 49. f3 Rc4+ 50.
Kb1 Rd4 51. Kc2 Rd6 52. Kc1 Kb3 0-1

[Event "Early-Titled-Tuesday-Blitz-March-12-2024"]
[Site "Chess.com"]
[Date "2024.03.12"]
[Round "3"]
[White "Triumphmate"]
[Black "martinmena"]
[Result "1-0"]
[WhiteElo "2515"]
[BlackElo "2275"]
[TimeControl "180+1"]
[EndTime "8:29:03 PDT"]
[Termination "Triumphmate won by resignation"]

1. e4 c6 2. d4 d5 3. exd5 cxd5 4. c3 Nc6 5. Bd3 Qc7 6. h3 g6 7.
Nf3 Bf5 8. Bxf5 gxf5 9. O-O Nf6 10.
Re1 e6 11. Ne5 Nxe5 12. dxe5 Ne4 13. Nd2 O-O-O 14. Nxe4 dxe4 15. Qa4 Bc5 16. b4 Bb6 17. c4 Bd4 18. Rb1 Qxe5 19. Be3 Kb8 20. c5 Bxe3 21. Rxe3 f4 22. Ra3 a6 23. b5 Rhg8 24. bxa6 f3 25. g4 Qf4 26. Rxb7+ Ka8 27. Rb8+ Qxb8 28. Qxe4+ Ka7 29. Rxf3 Rd1+ 30. Kg2 Rf8 31. c6 Qc7 32.
Rb3 Rb8 33. Qe3+ Rd4 34. Qxd4+ Rb6 35. Rxb6 Qxb6 36. Qd7+ Kxa6 37. c7 Qb7+ 38. Kh2 Qf3 39. c8=Q+ Ka5 40. Qdc7+ Kb4 41. Qc4+ Ka3 42. Qb3+ Qxb3 43.
axb3 Kxb3 44. Qb7+ Kc3 45. Qxf7 Kd2 46. Qxe6 h6 47.
f4 Kc2 48. g5 Kd1 49. gxh6 Kd2 50. h7 Kd1 51. f5 Kc2 52. f6 Kc3 53. f7 Kc2 54. h4 Kc3 55. h5 Kc2 56. h6 Kc3 57.
h8=Q+ Kc2 58. Qg8 Kc3 59. h7 Kc2 60. f8=Q Kc3 61. h8=Q+ Kc2 62. Qee8 1-0

[Event "Early-Titled-Tuesday-Blitz-March-12-2024"]
[Site "Chess.com"]
[Date "2024.03.12"]
[Round "3"]
[White "killer_dreams"]
[Black "chito89"]
[Result "0-1"]
[WhiteElo "2526"]
[BlackElo "2838"]
[TimeControl "180+1"]
[EndTime "8:29:11 PDT"]
[Termination "chito89 won by resignation"]

1. e4 e5 2. Nf3 Nf6 3. Nxe5 d6 4. Nd3 Nxe4 5. Qe2 Qe7 6. Nf4 c6 7. d4 Bf5 8. c3 d5 9. f3 Nd6 10. h4 Nd7 11. g4 Bxb1 12. Rxb1 O-O-O 13. Qxe7 Bxe7 14. Bd3 g6 15. Kf2 Nf8 16. Bd2 Ne6 17. Rbe1 Kd7 18. Nxe6 fxe6 19. Kg3 Nf7 20. Re2 Bd6+ 21. f4 Rhg8 22.
Rhe1 Rde8 23. Kg2 h5 24. g5 Nd8 25. Kg3 Ref8 26. c4 Rg7 27. c5 Bc7 28. b4 b6 29. b5 bxc5 30. dxc5 Rgf7 31. Rf1 Rg8 32. Bc3 Rgf8 33. Be5 Bxe5 34. Rxe5 Rg7 35. a4 Kc7 36. Rfe1 Nb7 37. Rxe6 cxb5 38. axb5 Kb8 39. c6 Nc5 40. Re8+ Rxe8 41. Rxe8+ Kc7 42. Bc2 d4 43. Re5 Kb6 44. Rd5 Kxb5 45. Rxd4 Kxc6 46. Rd8 a5 47. Ra8 Kb6 48. Rf8 a4 49. Rf6+ Kb5 50. Bxg6 a3 51.
Bb1 Rd7 52. Ba2 Rd2 53. Bf7 Rd3+ 54. Kf2 Ne4+ 55. Ke2 Rd2+ 56. Ke3 Nxf6 57. gxf6 Rd6 58. Bxh5 a2 59. Be2+ Kb4 60. f7 Rf6 61. Ke4 a1=Q 0-1

[Event "Early-Titled-Tuesday-Blitz-March-12-2024"]
[Site "Chess.com"]
[Date "2024.03.12"]
[Round "3"]
[White "FairChess_on_YouTube"]
[Black "Flawless_Fighter"]
[Result "1-0"]
[WhiteElo "3127"]
[BlackElo "2835"]
[TimeControl "180+1"]
[EndTime "8:29:19 PDT"]
[Termination "FairChess_on_YouTube won on time"]

1. Nf3 d5 2. g3 Nf6 3. Bg2 e6 4. O-O Be7 5. d3 O-O 6. a4 c5 7. Bf4 Nc6 8. e4 dxe4 9. dxe4 Nxe4 10. Qe2 Nf6 11. Rd1 Qb6 12. Na3 Nd5 13. Bc1 Bf6 14. Nc4 Qc7 15. c3 b6 16. Ng5 Bxg5 17. Bxg5 Ba6 18.
Qg4 Bxc4 19. Qxc4 h6 20. Bf4 Nxf4 21. Qxf4 Qxf4 22. gxf4 Rac8 23. Rd7 c4 24. Rad1 a6 25. R1d6 Na5 26. Rxb6 Rc5 27. Rxa6 Nb3 28. Rb6 Rfc8 29. Rb5 Nc1 30. Bf1 Nb3 31. Kg2 g6 32. Rdb7 Kg7 33.
Bxc4 Rxc4 34. Rxb3 Rxa4 35. R3b4 Ra2 36. c4 Rc5 37.
R7b5 Rc6 38. Re5 Ra1 39. Re3 Rc1 40. b3 Kf6 41. Rb7 Ra6 42. Rd3 Rc2 43. Rdd7 Kf5 44. Rxf7+ Kg4 45. Rf6 Raa2 46. Rxg6+ Kf5 47. Rgg7 Rxf2+ 48.
Kg3 Rg2+ 49. Kf3 Rgf2+ 50. Ke3 Rfe2+ 51. Kd3 Rad2+ 52. Kc3 Rc2+ 53. Kb4 Kxf4 54. Rbf7+ Ke4 55. Rg6 e5 56. Rxh6 Rb2 57. Rh4+ Kd3 58. Rd7+ Kc2 59.
Rh3 e4 60. Rc3+ Kb1 61. Re7 Ka2 62. c5 1-0

[Event "Early-Titled-Tuesday-Blitz-March-12-2024"]
[Site "Chess.com"]
[Date "2024.03.12"]
[Round "3"]
[White "Msb2"]
[Black "vovachesss"]
[Result "0-1"]
[WhiteElo "3000"]
[BlackElo "2803"]
[TimeControl "180+1"]
[EndTime "8:29:20 PDT"]
[Termination "vovachesss won by checkmate"]

1. d4 d6 2. Nf3 Nf6 3. c4 g6 4. Nc3 Bf5 5. d5 Bg7 6. Nd4 Bd7 7. e4 O-O 8. Be2 e6 9. O-O c5 10. Nc2 exd5 11. exd5 Re8 12. Bf4 Ne4 13. Nxe4 Rxe4 14.
Bxd6 Qb6 15. Bg3 Qxb2 16. Rb1 Qxa2 17. Rxb7 Ba4 18. Bxb8 Bxc2 19. Qd2 Bb3 20. Qxa2 Bxa2 21. Bf3 Rxc4 22. Re1 Bf6 23. h3 Rd4 24. d6 Bd5 25.
Bxd5 Rxd5 26. Re8+ Kg7 27. d7 Rxb8 28. Rexb8 Rd1+ 29. Kh2 Be5+ 30. g3 Bxb8 31. Rxb8 Rxd7 32. Rc8 a5 33.
Rxc5 Ra7 34. Rc3 Kf6 35. Ra3 Ke5 36. Kg2 Kd4 37. Kf3 Kc4 38. Ke3 a4 39. Ra1 a3 40.
Kd2 Kb3 41. Rb1+ Kc4 42. Rc1+ Kb3 43. Rb1+ Ka4 44. Re1 a2 45. Kc2 Rb7 46. Re4+ Rb4 47. Re8 Rb5 48. Re4+ Ka3 49. Re3+ Ka4 50. Re4+ Ka5 51.
Re8 Rb6 52. Re5+ Ka6 53. Re1 Rb4 54. Ra1 Ra4 55. Kb3 Kb5 56. Kb2 Ra5 57. h4 Ra6 58. h5 gxh5 59. f3 Kb4 60. Kc2 Ra3 61. Kb2 Rxf3 62. Re1 Rf2+ 63. Ka1 Rg2 64. Re4+ Kc3 65. Re3+ Kd4 66. Re7 f5 67. Rd7+ Ke5 68. Rxh7 Rxg3 69. Rxh5 Ke4 70. Kxa2 Rc3 71. Kb2 Rc8 72. Rh1 f4 73. Re1+ Kf3 74. Rf1+ Kg3 75. Rg1+ Kf2 76. Rg7 f3 77. Rf7 Ke2 78. Re7+ Kf1 79. Rc7 Rxc7 80. Kb3 f2 81. Kb4 Ke1 82. Ka5 f1=Q 83. Kb6 Qc4 84.
Ka5 Qc5+ 85. Ka4 Ra7+ 86. Kb3 Ra3+ 87. Kb2 Qc3+ 88. Kb1 Ra1# 0-1

[Event "Early-Titled-Tuesday-Blitz-March-12-2024"]
[Site "Chess.com"]
[Date "2024.03.12"]
[Round "3"]
[White "SuperPower2011"]
[Black "wonderfultime"]
[Result "0-1"]
[WhiteElo "2811"]
[BlackElo "3063"]
[TimeControl "180+1"]
[EndTime "8:29:21 PDT"]
[Termination "wonderfultime won by resignation"]

1. d4 d5 2. c4 c6 3. cxd5 cxd5 4. Nc3 Nf6 5. Bf4 Nc6 6. e3 a6 7. Rc1 Bg4 8. f3 Bd7 9. g4 e6 10. Bd3 Rc8 11. Nge2 Na5 12. h4 Nc4 13. Qc2 Qb6 14. b3 Na3 15. Qd2 Bb4 16. Kf2 Qa5 17. Qb2 Bc6 18.
h5 Nd7 19. g5 O-O 20. Rcg1 Bb5 21. Nxb5 axb5 22. Rg2 Kh8 23. Qa1 Nc2 24. Qg1 Be1+ 25. Kf1 Qd2 26. Bxc2 Rxc2 27. g6 Qd1 28. Rgh2 Bb4+ 29.
Kf2 Rxe2+ 30. Kg3 Qxg1+ 31. Rxg1 Rxh2 32. Kxh2 fxg6 33. hxg6 hxg6 34. Rxg6 Nf6 35. Kg2 Rc8 36. Be5 Be7 37. Kh3 Kg8 38. Rg2 Kf7 39. Re2 Nd7 40.
Bg3 Rc3 41. Kg2 b4 42. Be1 Rc1 43. Kf2 e5 44. Kg2 exd4 45. exd4 Bd6 46. Bd2 Rc2 47.
Kf2 Nf8 48. Be1 Rxe2+ 49. Kxe2 Ne6 50. Kd3 Kg6 51. Bd2 Kf5 52. Be3 Bf4 53. Bf2 g5 54.
Be1 Bd6 55. Bf2 Nf4+ 56. Kd2 Ng2 57. Kd3 Nf4+ 58. Kd2 Ne6 59. Kd3 Bc7 60. Kd2 Bb6 61.
Kd3 Kf4 62. Be1 Kxf3 63. Bxb4 g4 64. Be1 Bxd4 65. Kd2 Bf2 66. Kd3 g3 0-1

[Event "Early-Titled-Tuesday-Blitz-March-12-2024"]
[Site "Chess.com"]
[Date "2024.03.12"]
[Round "3"]
[White "vi_pranav"]
[Black "eagleclaw07"]
[Result "1-0"]
[WhiteElo "3039"]
[BlackElo "2787"]
[TimeControl "180+1"]
[EndTime "8:29:21 PDT"]
[Termination "vi_pranav won by resignation"]

1. e4 c5 2. Nf3 d6 3. d4 cxd4 4. Nxd4 Nf6 5. Nc3 a6 6. h3 e5 7. Nf3 Be7 8. g4 h6 9. Rg1 Nc6 10. Bc4 b5 11. Bb3 Na5 12. g5 hxg5 13. Nxg5 Nxb3 14.
axb3 Bb7 15. Qf3 Qc8 16. Bd2 b4 17. Na4 Qc6 18. Bxb4 Qxc2 19. Nc3 Qxb3 20. Ba3 Rc8 21. Rd1 Rh4 22. Rg3 Rf4 23. Qe2 Qb6 24. Rf3 Rh4 25. Kf1 Kf8 26. Kg1 Kg8 27. Rfd3 Nh5 28. Rxd6 Bxd6 29.
Rxd6 Qc7 30. Qf3 Nf4 31. Qg3 Rh5 32. h4 Rd8 33. Rxd8+ Qxd8 34. Qg4 Bc8 35. Qg3 Qd2 36. Nf3 Qc1+ 37. Kh2 Qf1 38. Be7 Qh3+ 39. Qxh3 Bxh3 40. Nd5 Nxd5 41. exd5 Bg4 42. d6 e4 43. Nd2 Rd5 44.
Nxe4 f6 45. Kg3 Bf5 46. Nc3 Rd4 47. f3 Kf7 48. Ne2 Rd3 49. Nc3 Be6 50. Kf2 Rd2+ 51.
Ke3 Rxb2 52. Ne4 Rb3+ 53. Kf4 Rd3 54. Nc5 Rd5 55. Nb7 a5 56. Nd8+ Ke8 57. Nxe6 a4 58.
Nc7+ Kd7 59. Nxd5 a3 60. Nc3 a2 61. Nxa2 1-0

[Event "Early-Titled-Tuesday-Blitz-March-12-2024"]
[Site "Chess.com"]
[Date "2024.03.12"]
[Round "3"]
[White "Barmen_EV"]
[Black "superchthonic"]
[Result "1/2-1/2"]
[WhiteElo "2510"]
[BlackElo "2715"]
[TimeControl "180+1"]
[EndTime "8:29:21 PDT"]
[Termination "Game drawn by repetition"]

1. e4 c5 2. c3 d5 3. exd5 Qxd5 4. d4 Nc6 5. Nf3 Bf5 6. Be2 Nf6 7. O-O e6 8. Be3 cxd4 9. cxd4 Be7 10. Nc3 Qd6 11.
a3 O-O 12. Qb3 a6 13. Rfd1 Na5 14. Qa4 Nc6 15. Rac1 b5 16. Qb3 Na5 17. Qa2 Rac8 18.
Ne5 Nc6 19. Nf3 Rfd8 20. h3 h6 21. Bf1 Bf8 22. a4 Nb4 23. Qa3 Qb8 24. axb5 Nd3 25. Qxa6 Nxc1 26. Rxc1 Nd5 27. Ne5 Nxe3 28. fxe3 Bb4 29.
g4 Be4 30. Bg2 Bxg2 31. Kxg2 Bxc3 32. bxc3 Rd5 33. Nc6 Rxc6 34. Qxc6 Rxb5 35. Rc2 Rb1 36. c4 Qb3 37. Qa8+ Kh7 38. Qe4+ g6 39. Rf2 Rb2 40. Qf3 f5 41. gxf5 gxf5 42. Rxb2 Qxb2+ 43. Qf2 Qc1 44. c5 Qc4 45. Qf3 Kg6 46. Qg3+ Kf6 47. Qe5+ Kg5 48. Qf4+ Kg6 49. Qg3+ Kf6 50. Qf2 Qd5+ 51. Qf3 Qc4 52. c6 Qc2+ 53. Kg3 Qc4 54. Qg2 Qd3 55. Qf2 Qc3 56.
Qf3 Kg6 57. Kg2 Kf6 58. Qf4 Kg6 59. c7 Qc2+ 60. Kg3 h5 61. Qd6 h4+ 62. Kf3 Qe4+ 63.
Kf2 Qc2+ 64. Kg1 Qd1+ 65. Kh2 Qe2+ 66. Kh1 Qf1+ 67. Kh2 Qf2+ 68. Kh1 Qf1+ 69. Kh2 Qf2+ 70. Kh1 Qf1+ 1/2-1/2

[Event "Early-Titled-Tuesday-Blitz-March-12-2024"]
[Site "Chess.com"]
[Date "2024.03.12"]
[Round "3"]
[White "littlepinkyboy"]
[Black "GMKrikor"]
[Result "1/2-1/2"]
[WhiteElo "2644"]
[BlackElo "2887"]
[TimeControl "180+1"]
[EndTime "8:29:22 PDT"]
[Termination "Game drawn by repetition"]

1. e4 c5 2. Nf3 Nc6 3. d4 cxd4 4. Nxd4 Nf6 5. Nc3 e5 6. Ndb5 d6 7. Bg5 a6 8. Na3 b5 9. Nd5 Be7 10. Bxf6 Bxf6 11. c4 b4 12. Nc2 O-O 13. Be2 a5 14. O-O Bg5 15. Bg4 Be6 16. b3 Ra7 17. h3 Nb8 18. f4 exf4 19. Nxf4 Bxg4 20. Qxg4 Nc6 21. Nd5 Ne5 22. Qg3 Re8 23. Nd4 g6 24. Rad1 Kh8 25.
Kh1 Rd7 26. Nb5 Kg7 27. Ne3 Kg8 28. Ng4 Nxg4 29. Qxg4 h5 30. Qf3 Re6 31. Qd3 Qb6 32.
Qd5 Bf6 33. Qa8+ Kg7 34. Qd5 Be5 35. Qd3 Qc5 36. Qf3 Rf6 37. Qe2 Re7 38. Rxf6 Kxf6 39. Qf3+ Kg7 40. Qd3 Re6 41. Qd5 Rf6 42. Qxc5 dxc5 43.
Kg1 Rf4 44. Re1 h4 45. Re2 Kf6 46. Re3 Ke7 47. Re2 Kd7 48. Rd2+ Kc6 49. Rd5 Rxe4 50. Kf2 f6 51. Kf3 Rf4+ 52. Ke3 Rf1 53. Rd8 Re1+ 54. Kf3 Ra1 55. Rc8+ Kb6 56. Re8 Rxa2 57. Re6+ Kb7 58. Re7+ Kc6 59. Na7+ Kb6 60. Nc8+ Kc6 61. Na7+ Kb6 62.
Nc8+ Kc6 63. Na7+ 1/2-1/2

[Event "Early-Titled-Tuesday-Blitz-March-12-2024"]
[Site "Chess.com"]
[Date "2024.03.12"]
[Round "3"]
[White "viktorskliarov"]
[Black "mikheeva86"]
[Result "1-0"]
[WhiteElo "2574"]
[BlackElo "2183"]
[TimeControl "180+1"]
[EndTime "8:29:22 PDT"]
[Termination "viktorskliarov won on time"]

1. e4 e5 2. Nc3 Nc6 3. Bc4 Nf6 4. d3 Na5 5. Nge2 Nxc4 6. dxc4 Bc5 7. O-O d6 8. h3 h6 9. Qd3 O-O 10. b3 a5 11. a4 Be6 12. Ng3 Nd7 13. Nd5 c6 14.
Ne3 Bxe3 15. Bxe3 Nc5 16. Qc3 b6 17. Rad1 Qe7 18. f4 exf4 19. Bxf4 Rad8 20. Nh5 f6 21. Qd4 d5 22. cxd5 cxd5 23. e5 f5 24. Be3 Rb8 25. Nf4 Rfd8 26. Nxe6 Qxe6 27. Qf4 Rf8 28. Bxc5 bxc5 29.
Rf3 Rbe8 30. Re1 d4 31. Qd2 Qb6 32. Kh1 Re6 33. c3 dxc3 34. Qxc3 Qb4 35. Qxb4 cxb4 36.
Rd3 Rc8 37. Rd5 Rc3 38. Rxa5 Rxb3 39. Rb5 Kf7 40. a5 Ra3 41. Rb1 b3 42. R1xb3 Rxb3 43. Rxb3 Rxe5 44. Ra3 Re7 45. a6 Ra7 46. Kg1 Ke6 47.
Kf2 Kd5 48. Ke3 g5 49. Ra5+ Ke6 50. Kd4 g4 51. hxg4 fxg4 52. Ke4 h5 53. Rxh5 Kf6 54.
Ra5 Kg6 55. Kf4 g3 56. Kxg3 Kf6 57. Kf4 Kg6 58. Ke5 Kg5 59. Kd6+ Kf6 60. Kc6 Kg6 61. Kb6 Rf7 62. a7 Rf6+ 63. Kb5 Rf5+ 64. Kb4 1-0

[Event "Early-Titled-Tuesday-Blitz-March-12-2024"]
[Site "Chess.com"]
[Date "2024.03.12"]
[Round "3"]
[White "BilicVladimir"]
[Black "Valio_M1948"]
[Result "1-0"]
[WhiteElo "2663"]
[BlackElo "2410"]
[TimeControl "180+1"]
[EndTime "8:29:24 PDT"]
[Termination "BilicVladimir won on time"]

1. e4 e5 2. Nf3 d5 3. exd5 e4 4. Qe2 Nf6 5. d3 Qxd5 6. dxe4 Qxe4 7. Nbd2 Qxe2+ 8. Bxe2 Nc6 9. O-O Bf5 10. c3 O-O-O 11. Nb3 Ne4 12. Nbd4 Nxd4 13. Nxd4 Bd7 14. Be3 Be7 15.
Rad1 a6 16. Bf3 Ng5 17. Be2 Rhe8 18. Rfe1 Ba4 19. b3 Bd7 20. h4 Ne4 21. Rc1 Bxh4 22. Bc4 Nd6 23. Bd3 h6 24. g3 Bg5 25. Bxg5 hxg5 26.
Kg2 c5 27. Nc2 Bc6+ 28. Kg1 Be4 29. Bxe4 Nxe4 30. Ne3 Re6 31. Rc2 Rd3 32. c4 Nxg3 33.
Rec1 Nh5 34. Rc3 Rxc3 35. Rxc3 Nf4 36. Rc2 Rd6 37. Kh2 g6 38. Kg3 f5 39. Kf3 Nd3 40. Ke2 Nb4 41. Rb2 Re6 42. a3 Nc6 43. Kf1 g4 44.
Nd5 Ne7 45. Nf4 Rd6 46. Re2 Kd7 47. b4 b6 48. bxc5 bxc5 49. Rb2 g5 50. Nh5 Kc7 51. Ng7 Rd3 52. Ne6+ Kc6 53. a4 Ra3 54. Nxg5 Rxa4 55.
Nf7 Ng6 56. Re2 Kd7 57. Rd2+ Ke7 58. Nd6 f4 59. Nf5+ Kf6 60. Nd6 f3 61. Kg1 Ra1+ 62. Kh2 Ne5 63. Kg3 Rc1 64. Ne4+ Kf5 65. Nxc5 Rxc4 66.
Nb3 Rb4 67. Nd4+ Ke4 68. Ne6 Rb1 69. Nc5+ Kf5 70. Rd5 Rg1+ 71. Kh2 Rg2+ 72. Kh1 Kf4 73. Rd4+ Kf5 74. Ne4 1-0

[Event "Early-Titled-Tuesday-Blitz-March-12-2024"]
[Site "Chess.com"]
[Date "2024.03.12"]
[Round "3"]
[White "rasmussvane"]
[Black "Kielinkei"]
[Result "1/2-1/2"]
[WhiteElo "2962"]
[BlackElo "2569"]
[TimeControl "180+1"]
[EndTime "8:29:25 PDT"]
[Termination "Game drawn by repetition"]

1. Nf3 Nf6 2. g3 b5 3. Bg2 Bb7 4. O-O e6 5. b3 Be7 6. c4 a6 7. Bb2 O-O 8. Qc2 c5 9. Nc3 bxc4 10. bxc4 Nc6 11. Rfd1 Rb8 12. Rab1 Qc7 13. Ba1 Nd4 14. Qd3 Nxf3+ 15. Bxf3 Bxf3 16. Qxf3 Rxb1 17. Rxb1 Rb8 18. Qd3 h6 19. Qc2 Rb7 20. Rb3 Qb8 21. Na4 Rxb3 22.
axb3 d6 23. d4 Nd7 24. dxc5 Nxc5 25. Nxc5 dxc5 26. Bc3 Qb7 27. Qd1 Qc7 28. Qd3 Qd6 29.
Qc2 Qc7 30. Bd2 Bf6 31. Bf4 Be5 32. Bd2 Bf6 33. h4 Bd4 34. Qd3 Qb8 35. b4 Qc7 36.
b5 axb5 37. cxb5 Qb6 38. Qc4 Qc7 39. e3 Be5 40. Kf1 Qb6 41. Ke2 Bd6 42. Qa4 Qb7 43.
Qa6 Qd5 44. Qc6 Qc4+ 45. Ke1 Be5 46. b6 Qc2 47. b7 c4 48. Qc8+ Kh7 49. b8=Q Bxb8 50.
Qxb8 c3 51. Bxc3 Qxc3+ 52. Ke2 Qc2+ 53. Kf3 Qd1+ 54. Kg2 Qd5+ 55. Kh2 Qf5 56. Qb2 Qf6 57. Qe2 Qf5 58. e4 Qf6 59. Qe3 Qg6 60. Kg2 e5 61.
Qf3 Qf6 62. Qxf6 gxf6 63. Kf3 Kg6 64. g4 h5 65. gxh5+ Kxh5 66. Kg3 f5 67. exf5 f6 68. f3 Kh6 69. Kg4 Kg7 70. Kh5 Kh7 71. Kg4 Kg7 72.
Kg3 Kh6 73. Kh3 Kh5 74. Kg3 Kh6 1/2-1/2